 Dungeon Crawl Stone Soup version 0.27-a0-1071-ga85bd9520d (webtiles) character file.

Game seed: 11586960653179291140

1 shoop the Sneak (level 1, 0/18 HPs)
             Began as a Demonspawn Delver on Apr 24, 2021.
             Succumbed to an adder's poison
             ... in the Ecumenical Temple.
             The game lasted 00:01:45 (218 turns).

shoop the Sneak (Demonspawn Delver)                  Turns: 218, Time: 00:01:46

Health: 0/18       AC:  3    Str:  9 (12) XL:     1   Next: 16%
Magic:  1/1        EV: 11    Int:  9 (11) God:
Gold:   24         SH:  0    Dex: 12 (14) Spells: 0/0 levels left

rFire    . . .     SeeInvis .   j - +0 quarterstaff
rCold    . . .     Faith    .   (shield currently unavailable)
rNeg     . . .     Spirit   .   b - +0 leather armour
rPois    .         Reflect  .   (no helmet)
rElec    .         Harm     .   (no cloak)
rCorr    .         Rampage  .   (no gloves)
Will     .....                  (no boots)
Stlth    ++........             (no amulet)
HPRegen  0.06/turn              (no ring)
MPRegen  0.07/turn              (no ring)

@: lethally poisoned (0 -> -1)
A: no striking features
a: no special abilities


You were in the Ecumenical Temple.
You visited 2 branches of the dungeon, and saw 3 of its levels.

You collected 24 gold pieces.

Inventory:

Hand Weapons
 a - a +0 falchion
 j - a +0 quarterstaff (weapon)
Armour
 b - a +0 leather armour (worn)
Wands
 g - a wand of digging (3)
Scrolls
 c - a scroll of fog
 d - 2 scrolls of magic mapping
 h - a scroll of immolation {unknown}
Potions
 f - a potion of haste


   Skills:
 - Level 3.0 Fighting
 - Level 1.7 Long Blades
 + Level 0.0 Staves
 - Level 1.7 Dodging
 - Level 4.5 Stealth


You couldn't memorise any spells.
You didn't know any spells.
Your spell library was empty.

Dungeon Overview and Level Annotations

Branches:
Dungeon (5/15)             Temple (1/1) D:4

Altars:

Annotations:
D:5 exclusion: 2 hounds


Message History

The water moccasin bites you but does no damage.
You climb downwards.
Level annotation: exclusion: 2 hounds
There is a stone staircase leading up here.
As you read the scroll of fear, it crumbles to dust.
You assume a fearsome visage.
The water moccasin looks frightened!
You climb upwards.
There is a stone staircase leading down here.
An adder skeleton comes into view.
Found 10 gold pieces and a club.
Found a leatherbound book and 14 gold pieces.
A hobgoblin comes into view.
The hobgoblin shouts!
You hear an angry hiss.
You hear a shout!
An adder comes into view.
The hobgoblin hits you but does no damage.
You hear a shout!
You hit the hobgoblin but do no damage. The adder skeleton barely misses you.
The hobgoblin hits you. The hobgoblin closely misses you.
The adder barely misses you.
Found a ring mail.
The adder closely misses you.
There is a staircase to the Ecumenical Temple here.
The adder misses you. The adder skeleton bites you.
The hobgoblin closely misses you. The adder bites you.
You are poisoned.
The adder poisons you!
You climb downwards.
Welcome to the Ecumenical Temple!
You feel sick.
There is a staircase back to the Dungeon here.
You closely miss the adder.
You feel sick. The adder bites you.
* * * LOW HITPOINT WARNING * * *
The hobgoblin barely misses you.
You thump the adder!
The adder is severely wounded.
* * * LOW HITPOINT WARNING * * *
You feel sick. The adder misses you. The hobgoblin completely misses you.
The adder closely misses you.
You closely miss the adder.
The adder is severely wounded.
You die...

#########
###.......###
##...⌠...⌠...##
#.............#
##...........##
.......@.......
##.....Sg....##
#.............#
##...⌠...⌠...##
###.......###
#########


You could see an adder and a hobgoblin.

Vanquished Creatures
  A goblin (D:5)
1 creature vanquished.

Notes
Turn   | Place    | Note
-------+----------+-------------------------------------------
     0 | D:5      | shoop the Demonspawn Delver began the quest for the Orb.
     0 | D:5      | Reached XP level 1. HP: 18/18 MP: 1/1
    58 | D:4      | Noticed an orc wizard
    58 | D:4      | Noticed an orc wizard
   163 | D:5      | Noticed a hound
   174 | D:5      | Noticed a hound
   199 | D:4      | Found a staircase to the Ecumenical Temple.
   199 | D:4      | Noticed a water moccasin
   215 | Temple   | Entered the Ecumenical Temple
   218 | Temple   | Succumbed to an adder's poison

Illustrated notes

Levels and vault maps discovered:
D:4:      layout_loops_ring, grunt_dithmenos_smoke,
          minmay_temple_entry_offerings, grunt_ministairs_7
D:5:      layout_basic, uniq_pikel, uniq_prince_ribbit1
Temple:   zaba_magenta_temple

Action                   || total
-------------------------++-------
Melee: Falchion          ||     5
       Quarterstaff      ||     4
  Use: Scroll            ||     1
       Potion            ||     1
Armor: Leather armour    ||     5
Dodge: Dodged            ||    14
       Rpst.: Falchion   ||     1

Table legend: (Time is in decaauts)
 A = Elapsed time spent in this place.
 B = Non-inter-level travel time spent in this place.
 C = Inter-level travel time spent in this place.
 D = Time resting spent in this place.
 E = Time spent auto-exploring this place.
 F = Levels seen in this place.
 G = Mean time per level.
                   A        B        C        D        E       F      G
               +--------+--------+--------+--------+--------+-----+--------+
         Total |    220 |    220 |      0 |      0 |    153 |   3 |   73.3 |
       Dungeon |    217 |    217 |      0 |      0 |    153 |   2 |  108.5 |
        Temple |      3 |      3 |      0 |      0 |      0 |   1 |    3.0 |
               +--------+--------+--------+--------+--------+-----+--------+

Top non-repeatable levels by time:
     D:5: 201 daAuts
     D:4: 16 daAuts
  Temple: 3 daAuts
